 Dungeon Crawl Stone Soup version 0.22-a0-782-g038298e (webtiles) character file.

419 Hebeh the Conjurer (level 6, -4/32 HPs)
             Began as a Deep Elf Conjurer on July 19, 2018.
             Slain by a two-headed ogre
             ... wielding a +0 giant club
              (18 damage)
             ... on level 5 of the Dungeon.
             The game lasted 00:18:00 (4729 turns).

Hebeh the Conjurer (Deep Elf Conjurer)              Turns: 4729, Time: 00:18:01

Health: -4/32      AC:  2    Str:  5    XL:     6   Next: 62%
Magic:  14/25      EV: 13    Int: 22    God:
Gold:   154        SH:  0    Dex: 15    Spells: 3/16 levels left

rFire    . . .     SeeInvis .   a - +3 dagger
rCold    + . .     Gourm    .   (no shield)
rNeg     . . .     Faith    .   k - +0 robe
rPois    .         Spirit   .   (no helmet)
rElec    .         Reflect  .   (no cloak)
rCorr    .         Harm     .   (no gloves)
MR       .....                  (no boots)
Stlth    ++........             t - amulet of the acrobat
HPRegen  0.10/turn              w - ring of magical power
MPRegen  0.19/turn              u - ring of protection from cold

@: no status effects
A: no striking features
a: no special abilities


You were on level 5 of the Dungeon.
You were not hungry.

You visited 1 branch of the dungeon, and saw 5 of its levels.

You collected 154 gold pieces.

Inventory:

Hand Weapons
 a - a +3 dagger (weapon)
 b - a +0 hunting sling
Missiles
 h - 66 bolts
 i - 51 sling bullets
 j - 60 stones
 l - 30 arrows
 B - 4 javelins (quivered)
Armour
 k - a +0 robe (worn)
Jewellery
 t - an amulet of the acrobat (around neck)
 u - a ring of protection from cold (right hand)
 w - a ring of magical power (left hand)
Wands
 y - a wand of paralysis (13)
Scrolls
 e - 6 scrolls of teleportation
 f - 4 scrolls of identify
 r - a scroll of remove curse
Potions
 d - a potion of curing {unknown}
 g - 2 potions of degeneration {unknown}
 m - a potion of flight {unknown}
 n - 3 potions of heal wounds {unknown}
 p - a potion of haste {unknown}
 q - a potion of lignification {unknown}
 s - a potion of ambrosia {unknown}
 z - a potion of brilliance {unknown}
Comestibles
 c - 6 rations
 o - 3 chunks of flesh


   Skills:
 + Level 3.1 Dodging
 - Level 2.4 Stealth
 * Level 5.8 Spellcasting
 * Level 7.0 Conjurations
 * Level 2.2 Translocations


You had 3 spell levels left.
You knew the following spells:

 Your Spells              Type           Power        Failure   Level  Hunger
a - Magic Dart            Conj           ####         1%          1    None
b - Iskenderun's Mystic   Conj           #####...     5%          4    ####...
c - Searing Ray           Conj           #####.       1%          2    None
d - Force Lance           Conj/Tloc      ####....     14%         4    ####...
j - Blink                 Tloc           N/A          5%          2    None

Your spell library contained the following spells:

 Spells                   Type           Power        Failure   Level  Hunger
 Conjure Flame            Conj/Fire      ###.....     7%          3    ##.....
 Slow                     Hex            #.......     14%         2    None
 Mephitic Cloud           Conj/Pois/Air  ###.....     11%         3    ##.....
 Call Imp                 Summ           #.......     14%         2    None
 Fulminant Prism          Conj/Hex       ###.......   22%         4    ####...
 Dazzling Spray           Conj/Hex       ###...       7%          3    ##.....


Dungeon Overview and Level Annotations

Branches:
Dungeon (5/15)
 Temple: D:4-7

Altars:
Gozag
Nemelex Xobeh
Okawaru
Sif Muna
Uskayaw
Xom


Message History

Confirm with . or Enter, or press ? or * to list all spells.
Aiming: Magic Dart (safe; 1% risk of failure)
Press: ? - help, Shift-Dir - straight line, f/p - two-headed ogre
Aim: a two-headed ogre, wielding a giant club and a giant spiked club (moderately wounded)
The magic dart hits the two-headed ogre.
The two-headed ogre is moderately wounded.
The worker ant twitches its antennae in your direction.
The two-headed ogre hits you with a giant club!!
Ouch! That really hurt!
The two-headed ogre closely misses you.
Casting: Magic Dart (safe; 1% risk of failure)
Confirm with . or Enter, or press ? or * to list all spells.
Aiming: Force Lance (safe; 14% risk of failure)
Press: ? - help, Shift-Dir - straight line, f/p - two-headed ogre
Aim: a two-headed ogre, wielding a giant club and a giant spiked club (moderately wounded)
The lance of force hits the two-headed ogre.
The two-headed ogre is heavily wounded.
The two-headed ogre hits you with a giant club!!
Ouch! That really hurt!
You die...

#.... .? ....#####>#
# . # #sa.......#.#
..###.#####..........
................%...
......##........#.#
...............O..#
.^.............@#
#..#รท........#
######...........#...
....##.#...........#
....##...........###
....)..#.........#
....##...##..#####
.....<......##
.............


You could see a two-headed ogre, a worker ant and a giant cockroach.

Vanquished Creatures
  An orc priest (D:3)
  A hound (D:4)
  2 iguanas
  Natasha (thrice) (D:2)
  Ijyb (D:4)
  A worker ant (D:4)
  6 adders
  2 oozes
  3 worms
  3 dart slugs
  3 leopard geckos
  6 orcs (D:4)
  A ball python (D:1)
  12 bats
  3 giant cockroaches
  6 goblins
  15 hobgoblins
  13 jackals
  6 quokkas
  3 frilled lizards
  5 kobolds
  A rat (D:2)
97 creatures vanquished.

Notes
Turn   | Place    | Note
-------+----------+-------------------------------------------
     0 | D:1      | Hebeh the Deep Elf Conjurer began the quest for the Orb.
     0 | D:1      | Reached XP level 1. HP: 10/10 MP: 6/6
   206 | D:1      | Reached XP level 2. HP: 13/15 MP: 5/8
   462 | D:1      | Reached skill level 5 in Conjurations
   907 | D:1      | Reached XP level 3. HP: 19/19 MP: 7/10
  1449 | D:1      | Learned a level 2 spell: Searing Ray
  1454 | D:2      | Noticed Natasha
  1461 | D:2      | Killed Natasha
  1575 | D:2      | Reached XP level 4. HP: 24/24 MP: 12/12
  1581 | D:2      | Learned a level 4 spell: Iskenderun's Mystic Blast
  1586 | D:2      | Learned a level 4 spell: Force Lance
  1709 | D:2      | Noticed Natasha
  1713 | D:2      | Killed Natasha
  1713 | D:2      | Reached skill level 6 in Conjurations
  2041 | D:2      | Reached XP level 5. HP: 24/28 MP: 14/14
  2043 | D:2      | Noticed Natasha
  2047 | D:2      | Killed Natasha
  2476 | D:3      | Found an opulent altar of Gozag.
  2504 | D:3      | Reached skill level 5 in Spellcasting
  2532 | D:3      | Found a sparkling altar of Nemelex Xobeh.
  2668 | D:3      | Found a shimmering altar of Xom.
  3064 | D:3      | Reached skill level 1 in Translocations
  3434 | D:4      | Noticed Ijyb
  3439 | D:4      | Killed Ijyb
  3440 | D:4      | Reached XP level 6. HP: 32/32 MP: 3/16
  3718 | D:4      | Learned a level 2 spell: Blink
  4332 | D:4      | Found a hide-covered altar of Uskayaw.
  4359 | D:4      | Found a deep blue altar of Sif Muna.
  4533 | D:4      | Found an iron altar of Okawaru.
  4649 | D:5      | Entered Level 5 of the Dungeon
  4654 | D:5      | Reached skill level 7 in Conjurations
  4721 | D:5      | Noticed a two-headed ogre
  4729 | D:5      | Slain by a two-headed ogre

Vault maps used:
D:1:      dpeg_arrival_refuge
D:2:      uniq_natasha
D:3:      brannock_xom_greatest_gift, nemelex_xobeh_ov_fountains_minmay,
          nicolae_gozag_cash_rules_everything_around_me
D:4:      nicolae_overflow_hidden_temple, serial_park_tiny_2, uniq_ijyb
D:5:      first_ration, st_stairs_12

Skill      XL: |  1  2  3  4  5  6 |
---------------+-------------------+-----
Conjurations   | 5 6 7 |  7.0
Spellcasting   | 4 5 |  5.8
Translocations | 1 2 |  2.2
Dodging        | 3 |  3.1
Stealth        | |  2.4

Action                   |  1- 3 |  4- 6 || total
-------------------------+-------+-------++-------
Melee: Club              |    14 |       ||    14
       Dagger            |       |     4 ||     4
 Cast: Magic Dart        |    74 |   121 ||   195
       Searing Ray       |       |     9 ||     9
       Iskenderun's Myst |       |    12 ||    12
       Force Lance       |       |     1 ||     1
  Use: Scroll            |       |     5 ||     5
  Eat: Chunk             |     2 |     8 ||    10
       Ration            |       |     1 ||     1
Armor: Robe              |     8 |     2 ||    10
Dodge: Dodged            |    29 |     8 ||    37

Table legend:
 A = Spawn XP
 B = Non-spawn XP
 C = Spawn XP percentage of total XP
 D = Spawn monster count
 E = Non-spawn monster count
 F = Spawn count percentage of total count
 G = Total turns spent on level
                    A         B        C        D         E        F      G
               +---------+---------+-------+---------+---------+-------+---------
         Total |       0 |     599 |   0.0 |       0 |      97 |   0.0 |  4729
               +---------+---------+-------+---------+---------+-------+---------
           D:1 |       0 |      55 |   0.0 |       0 |      29 |   0.0 |  1450
           D:2 |       0 |     194 |   0.0 |       0 |      33 |   0.0 |  1026
           D:3 |       0 |     101 |   0.0 |       0 |      11 |   0.0 |  1111
           D:4 |       0 |     200 |   0.0 |       0 |      22 |   0.0 |  1062
           D:5 |       0 |      49 |   0.0 |       0 |       2 |   0.0 |    80
               +---------+---------+-------+---------+---------+-------+---------
